 Dungeon Crawl Stone Soup version 0.24.0-123-gd5b16e6ec5 (webtiles) character file.

Game seed: 12194885011414468580, levelgen mode: deterministic

79 MisterOstroum the Firebug (level 4, -2/33 HPs)
             Began as a Draconian Fire Elementalist on Jan 11, 2020.
             Slain by a scorpion (6 damage)
             ... on level 2 of the Dungeon.
             The game lasted 00:03:24 (2379 turns).

MisterOstroum the Firebug (DrFE)                    Turns: 2379, Time: 00:03:24

Health: -2/33      AC:  5    Str: 11    XL:     4   Next: 16%
Magic:  2/7        EV: 12    Int: 16    God:
Gold:   128        SH:  0    Dex: 11    Spells: 3/7 levels left

rFire    x . .     SeeInvis .   i - +0 dagger (protect)
rCold    + . .     Gourm    .   (no shield)
rNeg     . . .     Faith    .   (armour unavailable)
rPois    .         Spirit   .   (helmet restricted)
rElec    .         Reflect  .   (no cloak)
rCorr    .         Harm     .   (no gloves)
MR       .....                  (no boots)
Stlth    ++........             (no amulet)
HPRegen  0.11/turn              p - ring of ice
MPRegen  0.10/turn              (no ring)

@: no status effects
A: unfitting armour, cold-blooded, AC +5
a: no special abilities


You were on level 2 of the Dungeon.
You were not hungry.

You visited 1 branch of the dungeon, and saw 3 of its levels.

You collected 128 gold pieces.

Inventory:

Hand Weapons
 a - a +0 mace
 i - a +0 dagger of protection (weapon)
Missiles
 c - 48 stones (quivered)
 f - 30 bolts
 h - 11 sling bullets
 m - 21 poisoned darts
Jewellery
 p - a ring of ice (left hand)
Scrolls
 j - a scroll of amnesia {unknown}
 k - a scroll of remove curse {unknown}
 l - a scroll of teleportation {unknown}
 o - a scroll of fog {unknown}
Potions
 b - a potion of curing {@q1 !q}
 g - a potion of flight
 n - a potion of resistance
Comestibles
 e - 3 rations


   Skills:
 - Level 1.7 Dodging
 - Level 1.7 Stealth
 - Level 2.0 Spellcasting
 + Level 2.9 Conjurations
 + Level 4.1 Fire Magic


You had 3 spell levels left.
You knew the following spells:

 Your Spells              Type           Power        Failure   Level  Hunger
a - Flame Tongue          Conj/Fire      ##...        4%          1    #......
b - Conjure Flame         Conj/Fire      ##......     14%         3    ###....

Your spell library contained the following spells:

 Spells                   Type           Power        Failure   Level  Hunger
 Throw Flame              Conj/Fire      ##....       8%          2    ###....
 Animate Skeleton         Necr           N/A          21%         1    #......
 Pain                     Necr           #...         21%         1    #......
 Inner Flame              Hex/Fire       #.......     26%         3    ###....
 Regeneration             Chrm/Necr      #.........   52%         3    ###....
 Vampiric Draining        Necr           #.........   52%         3    ###....
 Sticky Flame             Conj/Fire      ##......     43%         4    #####..
 Fireball                 Conj/Fire      ##........   80%         5    ######.
 Animate Dead             Necr           N/A          90%         4    #####..


Dungeon Overview and Level Annotations

Branches:
Dungeon (3/15)

Altars:
Dithmenos

Annotations:
D:2 1 runed translucent door, exclusion: door, Crazy Yiuf


Innate Abilities, Weirdness & Mutations

Your plain brown scales are hard. (AC +5)
You cannot fit into any form of body armour.
You are cold-blooded and may be slowed by cold attacks.


Message History

Aim: a scorpion You throw a stone.
The stone hits the scorpion but does no damage.
Throwing (i - inventory. (/) - cycle)
c - 49 stones (quivered)
Press: ? - help, Shift-Dir - straight line, f - you Really target yourself?
Okay, then.
A scorpion is nearby!
Throwing (i - inventory. (/) - cycle)
c - 49 stones (quivered)
Press: ? - help, Shift-Dir - straight line, f - scorpion
Aim: a scorpion You throw a stone.
The stone hits the scorpion but does no damage.
Casting: Conjure Flame (safe; 14% risk of failure)
Confirm with . or Enter, or press ? or * to list all spells.
You can't see any susceptible monsters within range! (Use Z to cast anyway.)
Casting: Conjure Flame (safe; 14% risk of failure)
Confirm with . or Enter, or press ? or * to list all spells.
Aiming: Conjure Flame (safe; 14% risk of failure)
Press: ? - help, Dir - move target cursor, p - scorpion You miscast Conjure Flame.
You are very lightly contaminated with residual magic.
Your skin glows momentarily.
Casting: Conjure Flame (safe; 14% risk of failure)
Confirm with . or Enter, or press ? or * to list all spells.
Aiming: Conjure Flame (safe; 14% risk of failure)
Press: ? - help, Dir - move target cursor You miscast Conjure Flame.
You smell something strange.
Casting: Conjure Flame (safe; 14% risk of failure)
Confirm with . or Enter, or press ? or * to list all spells.
You don't have enough magic to cast that spell.
There is a stone staircase leading up here.
The scorpion barely misses you.
You climb upwards.
Level annotation: 1 runed translucent door, exclusion: door, Crazy Yiuf
There is a stone staircase leading down here.
The scorpion stings you!
You closely miss the scorpion.
You tail-slap the scorpion, but do no damage.
The scorpion closely misses you.
You barely miss the scorpion. The scorpion completely misses you.
Casting: Conjure Flame (safe; 14% risk of failure)
Confirm with . or Enter, or press ? or * to list all spells.
Aiming: Flame Tongue (safe; 4% risk of failure)
Press: ? - help, Shift-Dir - straight line, f - scorpion
Aim: a scorpion The flame tongue hits the scorpion.
The scorpion is lightly wounded.
The scorpion stings you.
Casting: Flame Tongue (safe; 4% risk of failure)
Confirm with . or Enter, or press ? or * to list all spells.
Aiming: Flame Tongue (safe; 4% risk of failure)
Press: ? - help, Shift-Dir - straight line, f/p - scorpion
Aim: a scorpion (lightly wounded)
The flame tongue hits the scorpion!
The scorpion is heavily wounded.
The scorpion barely misses you.
Casting: Flame Tongue (safe; 4% risk of failure)
Confirm with . or Enter, or press ? or * to list all spells.
Aiming: Flame Tongue (safe; 4% risk of failure)
Press: ? - help, Shift-Dir - straight line, f/p - scorpion
Aim: a scorpion (heavily wounded)
The flame tongue misses the scorpion.
The scorpion stings you.
You are poisoned.
The scorpion poisons you!
You feel sick.
You feel sick.
You feel sick.
You feel sick.
You feel sick.
You feel sick.
You feel sick. The scorpion stings you.
You feel sick.
You feel sick.
Your magical contamination has completely faded away.
You feel sick.
You feel sick.
You feel sick.
You feel sick.
You are no longer poisoned.
Casting: Flame Tongue (safe; 4% risk of failure)
Confirm with . or Enter, or press ? or * to list all spells.
Aiming: Flame Tongue (safe; 4% risk of failure)
Press: ? - help, Shift-Dir - straight line, f/p - scorpion
Aim: a scorpion (heavily wounded)
The flame tongue hits the scorpion.
The scorpion is severely wounded.
The scorpion stings you.
* * * LOW HITPOINT WARNING * * *
Casting: Flame Tongue (safe; 4% risk of failure)
Confirm with . or Enter, or press ? or * to list all spells.
Aiming: Flame Tongue (safe; 4% risk of failure)
Press: ? - help, Shift-Dir - straight line, f/p - scorpion
Aim: a scorpion (severely wounded)
The flame tongue hits the scorpion!
The scorpion is almost dead.
The scorpion stings you.
You die...

#........####..# #.......
#..............# #.......
#......#######.# #<......
######......#.....#.# #.......
....##......#.....'.######.......
............#.....#....>.......##
............#.....#...###########
............#######.....# #
...............s@.....#.# #
...............#####..#.# ###
..............####......### #..
.............###...###....# ##.#
.................### #....# #..#
....##.....#..#### #....####.##
##............# ##.[........
#######..##.## ###..........
#...#.# ####.....#......


You could see a scorpion.

Vanquished Creatures
  A bullfrog skeleton (D:3)
  2 adders (D:2)
  A worm (D:3)
  3 dart slugs (D:1)
  A giant cockroach (D:2)
  2 hobgoblins
  2 jackals (D:2)
  6 bats
  3 frilled lizards
  3 goblins
  3 kobolds
  4 rats (D:1)
31 creatures vanquished.

Notes
Turn   | Place    | Note
-------+----------+-------------------------------------------
     0 | D:1      | MisterOstroum the Draconian Fire Elementalist began the
                  | quest for the Orb.
     0 | D:1      | Reached XP level 1. HP: 14/14 MP: 3/3
   236 | D:1      | Reached XP level 2. HP: 18/20 MP: 5/5
  1320 | D:2      | Found a runed translucent door.
  1321 | D:2      | Noticed Crazy Yiuf
  1362 | D:2      | Reached XP level 3. HP: 26/26 MP: 1/6
  1741 | D:2      | Found a shadowy altar of Dithmenos.
  2007 | D:3      | Noticed a scorpion
  2138 | D:3      | Learned a level 3 spell: Conjure Flame
  2222 | D:3      | Reached skill level 4 in Fire Magic
  2222 | D:3      | Reached XP level 4. HP: 24/33 MP: 3/7
  2379 | D:2      | Slain by a scorpion

Levels and vault maps discovered:
D:1:      lightli_arrival_farm, layout_loops_ring
D:2:      layout_rooms, nicolae_overflow_crystal_walls, nrook_mini_vaults,
          uniq_crazy_yiuf_cottage
D:3:      layout_rooms, gammafunk_temple_overflow_statue, serial_park_tiny_pond

Skill      XL: |  1  2  3 |
---------------+----------+-----
Conjurations   | 2 |  2.9
Fire Magic     | 4 |  4.1
Dodging        | |  1.7
Stealth        | |  1.7
Spellcasting   | |  2.0

Action                   |  1- 3 |  4- 6 || total
-------------------------+-------+-------++-------
Melee: Mace              |    76 |       ||    76
       Tailslap          |     7 |     1 ||     8
       Dagger            |     1 |     2 ||     3
Throw: Stone             |     1 |     3 ||     4
 Cast: Flame Tongue      |    18 |     5 ||    23
       Conjure Flame     |     1 |       ||     1
  Use: Scroll            |     3 |       ||     3
 Stab: Sleeping          |     1 |       ||     1
  Eat: Chunk             |     4 |     1 ||     5
Armor: Skin              |    57 |       ||    57
Dodge: Dodged            |    66 |     4 ||    70
